 Dungeon Crawl Stone Soup version 0.20-a0-493-g19c8d8d (webtiles) character file.

21 Asddderdsw the Digger (level 2, -1/23 HPs)
             Began as a Draconian Wanderer on Jan 18, 2017.
             Slain by a kobold
             ... wielding a +0 short sword
              (3 damage)
             ... on level 2 of the Dungeon.
             The game lasted 00:07:15 (930 turns).

Asddderdsw the Digger (Draconian Wanderer)           Turns: 930, Time: 00:07:15

Health: -1/23      AC:  5    Str: 16    XL:     2   Next: 62%
Magic:  3/3        EV: 10    Int: 11    God:
Gold:   47         SH:  2    Dex:  9    Spells: 2/3 levels left

rFire    . . .     SeeInvis .   j - +0 mace
rCold    . . .     Gourm    .   (armour unavailable)
rNeg     . . .     Faith    .   k - +0 buckler
rPois    .         Spirit   .   (helmet restricted)
rElec    .         Reflect  .   g - +0 cloak
rCorr    .         Harm     .   (no gloves)
MR       .....                  (no boots)
Stlth    +.........             (no amulet)
Regen    0.1/turn               (no ring)
                                (no ring)

@: flying, very slightly contaminated
A: unfitting armour, cold-blooded, AC +4
a: no special abilities


You were on level 2 of the Dungeon.
You were not hungry.

You visited 1 branch of the dungeon, and saw 2 of its levels.

You collected 47 gold pieces.

Inventory:

Hand Weapons
 b - a +0 shortbow
 j - a +0 mace (weapon)
Missiles
 c - 39 arrows
 e - 35 stones (quivered)
Armour
 g - a +0 cloak (worn)
 k - a +0 buckler (worn)
Jewellery
 q - an uncursed ring of see invisible {unknown}
 x - an uncursed amulet of magic regeneration {unknown}
Wands
 A - a wand of flame (24/48)
Scrolls
 d - a scroll of fog {unknown}
 h - a scroll of identify {unknown}
 o - a scroll of remove curse {unknown}
 r - 2 scrolls of blinking {unknown}
 s - 2 scrolls of amnesia {unknown}
 w - a scroll of recharging {unknown}
 y - a scroll of noise {unknown}
Potions
 p - 2 potions of haste
Books
 a - a book of Geomancy

   Spells                             Type                      Level
   a - Sandblast                      Earth                        1
   b - Passwall                       Transmutation/Earth          2
   c - Stone Arrow                    Conjuration/Earth            3
   d - Petrify                        Transmutation/Earth          4
   e - Lee's Rapid Deconstruction     Earth                        5
Comestibles
 f - a bread ration
 i - a beef jerky
 l - a slice of pizza
 m - 2 fruits
 t - a meat ration
 v - 5 chunks of flesh


   Skills:
 + Level 1.4 Fighting
 + Level 0.2 Maces & Flails
 + Level 2.4 Bows
 + Level 1.0 Throwing
 + Level 0.1 Dodging
 + Level 1.0 Spellcasting
   Level 1.0 Necromancy
 + Level 3.2 Earth Magic
 + Level 1.0 Evocations


You had 2 spell levels left.
You knew the following spells:

 Your Spells              Type           Power        Failure   Level  Hunger
a - Sandblast             Erth           #.....       17%         1    ##.....


Dungeon Overview and Level Annotations

Branches:
Dungeon (2/15)

Altars:


Innate Abilities, Weirdness & Mutations

Your plain brown scales are hard. (AC +4)
You cannot fit into any form of body armour.
You are cold-blooded and may be slowed by cold attacks.


Message History

The kobold throws a stone.
The stone hits you but does no damage.
A jackal comes into view.
You see here a stone.
A jackal comes into view.
The jackal barks! x2
A jackal comes into view.
You see here a curved glass wand.
A - a wand of flame (?/48)
The quokka bites you.
* * * LOW HITPOINT WARNING * * *
You feel better. The quokka bites you.
* * * LOW HITPOINT WARNING * * *
The kobold hits you but does no damage. The quokka barely misses you.
It was a potion of cure mutation.
It has a very clean taste.
The kobold hits you but does no damage. The quokka bites you.
* * * LOW HITPOINT WARNING * * *
It was a potion of flight.
You feel very buoyant.
You fly up into the air.
The kobold hits you with a short sword.
You die...

..# #.. ...... ... .......
#h# #........ #.#
#........ #h# #........
##h#### #........ #..K..#
#........ #.hr@.#
#........ #.(...#
#........ #...).#
#........ #.....#
#.....รท..
##.###############.#. #.#
#...........## #.#
#.##.[........ #.#
#.#...........
#.#####.#..โ‰ˆ..โ‰ˆ..P.โ‰ˆ


You could see a quokka, 3 jackals and a kobold.

Vanquished Creatures
  A leopard gecko (D:1)
  5 goblins
  2 hobgoblins
  3 jackals (D:1)
  3 bats
  A frilled lizard (D:1)
  2 kobolds (D:1)
  A rat (D:1)
18 creatures vanquished.

Notes
Turn   | Place    | Note
-------+----------+-------------------------------------------
     0 | D:1      | Asddderdsw the Draconian Wanderer began the quest for the Orb.
     0 | D:1      | Asddderdsw set off with: a book of Geomancy, a +0 shortbow, 26 arrows, a potion of curing, a bread ration
     0 | D:1      | Reached XP level 1. HP: 16/16 MP: 2/2
    14 | D:1      | Learned a level 1 spell: Sandblast
   266 | D:1      | Reached XP level 2. HP: 22/23 MP: 3/3
   930 | D:2      | Slain by a kobold

Vault maps used:
D:1:      dpeg_arrival_tiny_j
D:2:      serial_bayou, serial_bayou_lagoon_a, serial_bayou_shore_a,
          serial_bayou_shore_b, serial_bayou_lake_a

Skill      XL: |  1 |
---------------+----+-----
Bows           | 2 |  2.4
Fighting       | |  1.4
Maces & Flails | |  0.2
Throwing       | |  1.0
Dodging        | |  0.1
Spellcasting   | |  1.0
Necromancy     | |  1.0
Earth Magic    | |  3.2
Evocations     | |  1.0

Action                   || total
-------------------------++-------
Melee: Mace              ||    49
       Tailslap          ||     6
 Fire: Shortbow          ||    16
 Cast: Sandblast         ||     4
  Use: Potion            ||     5
Armor: Skin              ||    60
Dodge: Dodged            ||    89
Block: Buckler           ||     5
